 Dungeon Crawl Stone Soup version 0.20.1-1-g8b1a95d (webtiles) character file.

165 vineage the Skirmisher (level 5, -24/42 HPs)
             Began as a Demonspawn Berserker on Sept 15, 2017.
             Was a Believer of Trog.
             Annihilated by a two-headed ogre
             ... wielding a +0 giant club
              (25 damage)
             ... on level 4 of the Dungeon.
             The game lasted 00:03:19 (2153 turns).

vineage the Skirmisher (Demonspawn Berserker)       Turns: 2153, Time: 00:03:20

Health: -24/42     AC: 11    Str: 18    XL:     5   Next: 21%
Magic:  5/5        EV:  7    Int: 11    God:    Trog [**....]
Gold:   104        SH:  6    Dex: 15    Spells: 4/4 levels left

rFire    + . .     SeeInvis .   a - +0 falchion
rCold    . . .     Gourm    .   d - +2 buckler {AC+3}
rNeg     . . .     Faith    .   h - +0 chain mail
rPois    .         Spirit   .   (no helmet)
rElec    .         Reflect  .   (no cloak)
rCorr    .         Harm     .   (no gloves)
MR       .....                  (no boots)
Stlth    ..........             (no amulet)
Regen    0.2/turn               g - ring of protection from fire
MPRegen  0.1/turn               f - +3 ring of intelligence

@: no status effects
A: claws 1, thin skeletal structure 1
a: Berserk, Trog's Hand, Burn Spellbooks, Renounce Religion


You were on level 4 of the Dungeon.
You worshipped Trog.
Trog was pleased with you.
You were not hungry.

You visited 1 branch of the dungeon, and saw 4 of its levels.

You collected 104 gold pieces.

Inventory:

Hand Weapons
 a - a +0 falchion (weapon)
Armour
 b - a +0 animal skin
 d - a +2 buckler of protection (worn)
 h - a +0 chain mail (worn)
Jewellery
 f - a +3 ring of intelligence (right claw)
 g - a ring of protection from fire (left claw)
 n - an uncursed ring of fire {unknown}
Scrolls
 e - a scroll of enchant weapon {unknown}
 k - 2 scrolls of identify {unknown}
 l - a scroll of magic mapping {unknown}
 q - a scroll of teleportation {unknown}
 r - a scroll of noise {unknown}
 s - 3 scrolls of remove curse {unknown}
 t - a scroll of random uselessness {unknown}
Potions
 j - 4 potions of curing {unknown}
 o - a potion of resistance {unknown}
 u - a potion of cancellation {unknown}
Comestibles
 c - 3 bread rations
 i - 9 fruits
 m - a royal jelly


   Skills:
 + Level 4.1 Fighting
 + Level 3.8 Long Blades
 + Level 2.5 Armour
 + Level 2.2 Dodging
 + Level 1.1 Shields


You had 4 spell levels left.
You didn't know any spells.

Dungeon Overview and Level Annotations

Branches:
Dungeon (4/15)
 Temple: D:4-7

Altars:
Uskayaw
Vehumet
Zin


Innate Abilities, Weirdness & Mutations

You have sharp fingernails.
You have a somewhat thin skeletal structure. (Dex +2, Stealth)


Message History

You feel much better.
You barely miss the two-headed ogre.
The two-headed ogre is lightly wounded.
The two-headed ogre hits you with a giant club!
The two-headed ogre closely misses you.
You hit the two-headed ogre but do no damage.
The two-headed ogre is lightly wounded.
The two-headed ogre hits you with a giant club.
The two-headed ogre barely misses you.
You slash the two-headed ogre!
The two-headed ogre is moderately wounded.
The two-headed ogre hits you with a giant club!
* * * LOW HITPOINT WARNING * * *
The two-headed ogre hits you with a giant club!
* * * LOW HITPOINT WARNING * * *
You hit the two-headed ogre.
The two-headed ogre is moderately wounded.
The two-headed ogre hits you with a giant club!!
Ouch! That really hurt!
You die...

#.#######
#.......#
########<#
.........#########
#######..........#
########.#.#
##$#.#.#..#.#
#.@.#.###.#.#
#O####.#..#.# #.
#.###.#.# #.
##.#..#.# #.
##.#.#.# #.
###.#.# #. ..# ##
.## #


You could see a two-headed ogre.

Vanquished Creatures
  An orc priest (D:3)
  A hound zombie (D:4)
  4 adders
  A gnoll (D:1)
  2 worms (D:2)
  4 dart slugs
  3 orcs (D:3)
  5 giant cockroaches
  7 goblins
  6 hobgoblins
  2 jackals (D:2)
  8 kobolds
  A quokka (D:2)
  5 bats
  4 frilled lizards
  6 rats
60 creatures vanquished.

Vanquished Creatures (others)
  A quokka (D:3)
1 creature vanquished.

Grand Total: 61 creatures vanquished

Notes
Turn   | Place    | Note
-------+----------+-------------------------------------------
     0 | D:1      | vineage the Demonspawn Berserker began the quest for the Orb.
     0 | D:1      | Reached XP level 1. HP: 18/18 MP: 1/1
   367 | D:1      | Gained mutation: You have a somewhat thin skeletal structure. (Dex +2, Stealth) [demonic ancestry]
   367 | D:1      | Reached XP level 2. HP: 24/24 MP: 2/2
   695 | D:2      | Reached XP level 3. HP: 25/29 MP: 3/3
   749 | D:2      | Reached ** piety under Trog
  1040 | D:2      | Found a glowing silver altar of Zin.
  1108 | D:2      | Gained mutation: You have sharp fingernails. [demonic ancestry]
  1108 | D:2      | Reached XP level 4. HP: 30/36 MP: 4/4
  1169 | D:2      | Found a hide-covered altar of Uskayaw.
  1174 | D:2      | Reached skill level 1 in Shields
  1180 | D:2      | Noticed a dagger
  1180 | D:2      | Noticed a hand axe
  1790 | D:3      | Found a radiant altar of Vehumet.
  1893 | D:3      | Reached skill level 4 in Fighting
  1893 | D:3      | Reached XP level 5. HP: 30/42 MP: 5/5
  2145 | D:4      | Noticed a two-headed ogre
  2152 | D:4      | HP: 1/42 [two-headed ogre/giant club (11)]
  2153 | D:4      | Annihilated by a two-headed ogre

Skill      XL: |  1  2  3  4 |
---------------+-------------+-----
Dodging        | 2 |  2.2
Long Blades    | 3 |  3.8
Armour         | 2 |  2.5
Shields        | 1 |  1.1
Fighting       | 4 |  4.1

Action                   |  1- 3 |  4- 6 || total
-------------------------+-------+-------++-------
Melee: Falchion          |   132 |    88 ||   220
Invok: Trog's Hand       |     1 |       ||     1
  Use: Potion            |       |     1 ||     1
  Eat: Chunk             |     1 |     4 ||     5
Armor: Chain mail        |    58 |    49 ||   107
Dodge: Dodged            |    38 |    34 ||    72
Block: Buckler           |    42 |    19 ||    61
       Rpst.: Falchion   |    13 |     8 ||    21
